 Dungeon Crawl Stone Soup version 0.31-a0-1001-g770356a28f (webtiles) character file.

Game seed: 8109241896640093907

690 GordonOverkill the Covert (level 7, -1/37 HPs)
             Began as a Spriggan Delver on Nov 8, 2023.
             Slain by a gnoll
             ... wielding a +0 mace
              (12 damage)
             ... on level 4 of the Dungeon.
             The game lasted 00:09:52 (2628 turns).

GordonOverkill the Covert (Spriggan Delver)         Turns: 2628, Time: 00:09:53

Health: -1/37      AC:  2    Str:  8      XL:     7   Next: 36%
Magic:  14/14      EV: 18    Int: 13      God:
Gold:   124        SH:  0    Dex: 14 (17) Spells: 13/14 levels left

rFire   . . .        a - +0 short sword
rCold   . . .        (no shield)
rNeg    . . .        b - +0 robe
rPois   .            (helmet restricted)
rElec   .            (no cloak)
rCorr   .            (gloves unavailable)
SInv    +            (boots unavailable)
Will    +....        (no amulet)
Stlth   ++++         (no ring)
HPRegen 0.26/turn    (no ring)
MPRegen 0.14/turn

%: no passive effects
@: very quick
A: very small, no large weapons, unfitting armour, see invisible, speed 3
a: no special abilities


You were on level 4 of the Dungeon.
You visited 1 branch of the dungeon, and saw 5 of its levels.

You collected 124 gold pieces.

Inventory:

Hand Weapons
 a - a +0 short sword (weapon)
Missiles
 o - a throwing net
Armour
 b - a +0 robe (worn)
Wands
 g - a wand of digging (3)
 h - a wand of polymorph (4)
 i - a wand of flame (27)
Scrolls
 c - a scroll of fog
 d - 2 scrolls of revelation
 e - a scroll of fear
 j - a scroll of teleportation
 l - a scroll of silence
 p - a scroll of identify
Potions
 f - a potion of haste
 k - a potion of heal wounds {unknown}
 m - a potion of ambrosia
 n - 2 potions of brilliance


   Skills:
 - Level 4.0 Fighting
 - Level 4.0 Short Blades
 - Level 4.1 Dodging
 - Level 8.2 Stealth
 - Level 4.0 Spellcasting
 + Level 2.8 Ice Magic
 - Level 2.0 Evocations


You had 13 spell levels left.
You knew the following spells:

 Your Spells              Type           Power      Damage    Failure   Level
a - Freeze                Ice            36%        1d5       7%          1

Your spell library contained the following spells:

 Spells                   Type           Power      Damage    Failure   Level
 Ensorcelled Hibernation  Hex/Ice        12%        N/A       19%         2
 Frozen Ramparts          Ice            18%        1d3       21%         3
 Passwall                 Tmut/Erth      1%         N/A       30%         2
 Hailstorm                Conj/Ice       6%         3d4       34%         3
 Swiftness                Air            2%         N/A       52%         3


Dungeon Overview and Level Annotations

Branches:
Dungeon (8/15)
 Temple: D:4-7         Lair: D:8-11

Altars:
Cheibriados
Wu Jian

Shops:
D:5 [


Innate Abilities, Weirdness & Mutations

You are very small and have problems with some larger weapons.
You are too small for most types of armour.
You have supernaturally acute eyesight. (SInv)
You cover ground extremely quickly. (Speed+++)


Message History

Moving in this stuff is going to be slow.
You are engulfed in a cloud of scalding steam.
Your unstable footing causes you to fumble your attack.
The jackal is engulfed in a cloud of scalding steam.
You kill the jackal!
You are engulfed in a cloud of scalding steam.
You start resting.
HP restored.
The gnoll shouts!
You closely miss the gnoll. The gnoll hits you with a +0 mace.
You hit the gnoll.
The gnoll is moderately wounded.
The gnoll hits you with a +0 mace!
You are too injured to fight recklessly!
You hit the gnoll.
The gnoll is heavily wounded.
The gnoll completely misses you.
You are too injured to fight recklessly!
You hit the gnoll but do no damage.
The gnoll is heavily wounded.
You are too injured to fight recklessly!
The gnoll shouts!
You hit the gnoll.
The gnoll is severely wounded.
You hear a shout! x3
The gnoll hits you with a +0 mace!
* * * LOW HITPOINT WARNING * * *
You are too injured to fight recklessly!
You are too injured to fight recklessly!
You closely miss the gnoll.
The gnoll is severely wounded.
The gnoll barely misses you.
You hit the gnoll but do no damage.
The gnoll is severely wounded.
The gnoll hits you with a +0 mace!
* * * LOW HITPOINT WARNING * * *
You hit the gnoll but do no damage.
The gnoll is severely wounded.
The gnoll hits you with a +0 mace!
You die...

#....~~~.# #....~≈~.#..
#....~≈###'#
#...P~≈#.o.#############++
#....~≈#Ogg#..............
#....~≈#####≈~≈~~~~~~~~~..
#....~≈≈≈≈≈≈≈~≈≈≈≈≈≈≈≈≈~..
#P...~~~~~~≈~~≈~≈≈~~~~~~..
#........@g.........†.....
##########.############...
#<.......# #)## #.##.###>#
##.## #.##.# #.# ##)..#
#.##.###.######.....
#.##....†......#...#
#.######.####.......
#........# #..#..##


You could see an ogre, 3 gnolls and an orc.

Vanquished Creatures
  A phantom (D:7)
  2 bullfrogs (D:6)
  A scorpion (D:5)
  2 howler monkeys
  A quasit (D:5)
  4 hounds
  A jelly (D:7)
  A gnoll bouda (D:4)
  2 iguanas (D:5)
  5 gnolls (D:4)
  An adder (D:5)
  3 shadow imps
  5 orcs (D:5)
  A ball python (D:4)
  A hobgoblin (D:4)
  12 jackals (D:4)
43 creatures vanquished.

Notes
Turn   | Place    | Note
-------+----------+-------------------------------------------
     0 | D:5      | GordonOverkill the Spriggan Delver began the quest for the
                  | Orb.
     0 | D:5      | Reached XP level 1. HP: 11/11 MP: 2/2
    36 | D:6      | Noticed a water moccasin
    51 | D:7      | Noticed a howler monkey
    53 | D:7      | Killed a howler monkey
    54 | D:7      | Reached XP level 2. HP: 16/16 MP: 3/3
    54 | D:7      | Reached XP level 3. HP: 19/19 MP: 4/4
    86 | D:8      | Noticed a steam dragon
   157 | D:7      | Noticed a wight
   191 | D:7      | Noticed a steam dragon
   218 | D:7      | Noticed a phantom
   226 | D:7      | Killed a phantom
   227 | D:7      | Reached skill level 8 in Stealth
   227 | D:7      | Reached XP level 4. HP: 24/24 MP: 5/5
   247 | D:7      | Reached XP level 5. HP: 28/28 MP: 6/6
   481 | D:6      | Found a snail-covered altar of Cheibriados.
   486 | D:6      | Reached XP level 6. HP: 22/33 MP: 6/10
   706 | D:5      | Found Nisoa's Antique Armour Emporium.
   714 | D:5      | Learned a level 1 spell: Freeze
  1029 | D:5      | Noticed Grinder
  1036 | D:5      | Grinder changed into Grinder the quasit
  1036 | D:5      | Noticed Grinder
  1076 | D:5      | Killed Grinder the quasit
  1077 | D:5      | Reached skill level 1 in Ice Magic
  1386 | D:5      | Found an ornate altar of the Wu Jian Council.
  1502 | D:5      | Reached XP level 7. HP: 7/37 MP: 12/14
  2210 | D:4      | Reached skill level 1 in Evocations
  2628 | D:4      | Slain by a gnoll

Illustrated notes

Levels and vault maps discovered:
D:4:      lemuel_castle_with_subvaults [lemuel_castle_interior_carwin_2],
          layout_loops_corners, lemuel_temple_firewalk_a,
          minmay_goblin_kobold_house, uniq_edmund, uniq_pikel, uniq_duvessa
D:5:      layout_loops_ring, kennysheep_mini, serial_shops, nicolae_square_shop,
          serial_glass, glass_columns_a, glass_columns_b,
          minmay_misc_feat_nine_boxes, uniq_grinder
D:6:      layout_gridville, mainiacjoe_overflow_paths,
          mainiacjoe_overflow_concentric_impassable, serial_demonic,
          serial_demonic_e, serial_demonic_g, serial_demonic_f,
          serial_demonic_c, serial_demonic_g, serial_demonic_e,
          grunt_decor_resistance, item_on_display_a
D:7:      layout_basic, minmay_overflow_temple_star_quad
D:8:      layout_cave_pools, makhleb_blood_cavern_becter,
          chequers_temple_overflow_minitemple, grunt_ministairs_11, uniq_erica

Skill      XL: |  1  2  3  4  5  6  7 |
---------------+----------------------+-----
Dodging        | 3 4 |  4.1
Short Blades   | 3 4 |  4.0
Fighting       | 3 4 |  4.0
Stealth        | 8 |  8.2
Spellcasting   | 2 4 |  4.0
Ice Magic      | 1 2 |  2.8
Evocations     | 2 |  2.0

Action                     |  1- 3 |  4- 6 |  7- 9 || total
---------------------------+-------+-------+-------++-------
  Melee: Short sword       |     3 |   154 |   123 ||   280
         Punch             |       |     2 |       ||     2
  Evoke: Wand              |       |     7 |     8 ||    15
    Use: Scroll            |       |       |     4 ||     4
   Stab: Sleeping          |     3 |    10 |     2 ||    15
         Distracted        |       |     1 |       ||     1
 Armour: Robe              |     1 |    89 |    38 ||   128
  Dodge: Dodged            |     2 |   157 |   101 ||   260

Table legend: (Time is in decaauts)
 A = Elapsed time spent in this place.
 B = Non-inter-level travel time spent in this place.
 C = Inter-level travel time spent in this place.
 D = Time resting spent in this place.
 E = Time spent auto-exploring this place.
 F = Levels seen in this place.
 G = Mean time per level.
                   A        B        C        D        E       F      G
               +--------+--------+--------+--------+--------+-----+--------+
         Total |   1981 |   1942 |     39 |    710 |    351 |   5 |  396.2 |
       Dungeon |   1981 |   1942 |     39 |    710 |    351 |   5 |  396.2 |
               +--------+--------+--------+--------+--------+-----+--------+

Top non-repeatable levels by time:
     D:5: 942 daAuts
     D:4: 640 daAuts
     D:6: 191 daAuts
     D:7: 182 daAuts
     D:8: 24 daAuts
